 Dungeon Crawl Stone Soup version 0.20-a0-454-g2b43fbb (webtiles) character file.

10460 terra52 the Earth Mage (level 11, 0/54 HPs)
             Began as a Gargoyle Earth Elementalist on Jan 8, 2017.
             Was an Initiate of Gozag.
             Slain by a five-headed hydra (2 damage)
             ... on level 10 of the Dungeon.
             The game lasted 00:33:05 (9758 turns).

terra52 the Earth Mage (GrEE)                       Turns: 9758, Time: 00:33:06

Health: 0/54       AC: 13    Str: 12    XL:     11   Next: 62%
Magic:  22/25      EV: 12    Int: 21    God:    Gozag
Gold:   703        SH:  3    Dex: 10    Spells: 21/30 levels left

rFire  . . .     SeeInvis .     X - +5 quarterstaff of Rodaakko {protect, +Blink Int+2}
rCold  . . .     Gourm    .     P - +2 leather armour {MR+}
rNeg   + . .     Faith    .     (shield currently unavailable)
rPois  ∞         Spirit   .     (no helmet)
rElec  +         Reflect  +     s - +0 cloak
rCorr  .         Harm     .     (no gloves)
MR     +....                    (no boots)
Stlth  ++........               w - +3 amulet of reflection
                                J - ring of wizardry
                                V - +1 ring of evasion

@: starving
A: negative energy resistance 1, electricity resistance, unbreathing,
petrification resistance, rot immunity, AC +7
a: Potion Petition, Call Merchant, Bribe Branch, Renounce Religion, Evoke Blink


You were on level 10 of the Dungeon.
You worshipped Gozag.
Gozag was pleased with you.
You were starving.

You visited 2 branches of the dungeon, and saw 12 of its levels.

You collected 1421 gold pieces.
You spent 576 gold pieces at shops.
You paid 142 gold pieces to Gozag.

Inventory:

Hand Weapons
 l - a +0 triple crossbow
 G - the +4 great mace of Outrage {drain, *Noise rC+++ rN+ Dex+2}
   (You found it on level 10 of the Dungeon)

   A truly terrible weapon, it drains the life of those it strikes.
   It affects your dexterity (+2).
   It renders you almost immune to cold.
   It protects you from negative energy.
   It may make noises in combat.
 X - the +5 quarterstaff of Rodaakko (weapon) {protect, +Blink Int+2}
   (You bought it in a shop on level 7 of the Dungeon)

   It protects the one who uses it against injury (+AC on strike).
   It affects your intelligence (+2).
   It lets you blink.
Missiles
 b - 31 stones
 R - 95 sling bullets (quivered)
 U - 7 bolts
Armour
 s - a +0 cloak (worn)
 E - a +0 buckler
 P - a +2 leather armour of magic resistance (worn)
Jewellery
 w - a +3 amulet of reflection (around neck)
 J - a ring of wizardry (right hand)
 V - a +1 ring of evasion (left hand)
Wands
 Q - a wand of flame (20/48)
 S - a wand of polymorph (9/24)
Scrolls
 a - 8 scrolls of teleportation {unknown}
 h - 3 scrolls of enchant armour {unknown}
 i - a scroll of magic mapping {unknown}
 j - a scroll of fog {unknown}
 n - 9 scrolls of remove curse {unknown}
 q - 2 scrolls of immolation {unknown}
 r - 4 scrolls of identify
 y - a scroll of noise {unknown}
 B - a scroll of amnesia {unknown}
 H - 2 scrolls of random uselessness {unknown}
 O - 2 scrolls of recharging {unknown}
Potions
 c - a potion of brilliance
 f - 6 potions of curing
 k - a potion of cure mutation
 o - a potion of berserk rage
 p - 4 potions of heal wounds
 t - a potion of invisibility
 v - 3 potions of degeneration
 x - a potion of resistance {unknown}
 z - a potion of magic
 A - a potion of lignification {unknown}
 D - 4 potions of agility {unknown}
 F - a potion of beneficial mutation {unknown}
 N - 3 potions of flight {unknown}
Books
 e - a book of Geomancy

   Spells                             Type                      Level
   a - Sandblast                      Earth                        1
   b - Passwall                       Transmutation/Earth          2
   c - Stone Arrow                    Conjuration/Earth            3
   d - Petrify                        Transmutation/Earth          4
   e - Lee's Rapid Deconstruction     Earth                        5
 g - a book of Cantrips

   Spells                             Type                      Level
   a - Confusing Touch                Hexes                        1
   b - Animate Skeleton               Necromancy                   1
   c - Summon Small Mammal            Summoning                    1
   d - Apportation                    Translocation                1
 Y - a book of Maledictions

   Spells                             Type                      Level
   a - Corona                         Hexes                        1
   b - Ensorcelled Hibernation        Hexes/Ice                    2
   c - Confuse                        Hexes                        3
   d - Tukima's Dance                 Hexes                        3
   e - Dazzling Spray                 Conjuration/Hexes            3
Comestibles
 d - 11 bread rations
 m - 8 meat rations
 u - 10 fruits
 C - 2 beef jerkies


   Skills:
 + Level 1.8 Crossbows
 - Level 1.7 Dodging
 - Level 2.2 Stealth
 + Level 2.5 Shields
 + Level 10.3 Spellcasting
   Level 0.7 Transmutations
 * Level 15.9 Earth Magic


You had 21 spell levels left.
You knew the following spells:

 Your Spells              Type           Power        Failure   Level  Hunger
a - Sandblast             Erth           ######       0%          1    None
b - Stone Arrow           Conj/Erth      #####.       1%          3    None
c - Lee's Rapid Deconstr  Erth           ######....   1%          5    ####...


Dungeon Overview and Level Annotations

Branches:
Dungeon (11/15)            Temple (1/1) D:7
   Lair: D:8-11         Orc: D:9-12

Altars:
Ashenzari
Cheibriados
Dithmenos
Elyvilon
Fedhas
Gozag
Hepliaklqana
Kikubaaqudgha
Makhleb
Nemelex Xobeh
Okawaru
Qazlal
Ru
Sif Muna
Trog
Uskayaw
Vehumet
Xom
Yredelemnul
Zin
The Shining One

Shops:
D:6 (   D:7 *   D:9 *


Innate Abilities, Weirdness & Mutations

You are resistant to torment.
Your stone body is resilient. (AC +7)
You are immune to poison.
You resist negative energy. (rN+)
You are resistant to electric shocks. (rElec)
You can survive without breathing.
You are immune to petrification.
You are immune to rotting.


Message History

You are starving!
The orc warrior hits you with a scimitar!
The hound skeleton is distracted by the nearby gold.
The hound skeleton is no longer distracted by gold.
The five-headed hydra misses you.
The five-headed hydra closely misses you.
The five-headed hydra bites you but does no damage.
The five-headed hydra bites you! x2
* * * LOW HITPOINT WARNING * * *
The orc warrior closely misses you.
You climb upwards.
There is a stone staircase leading down here.
The five-headed hydra bites you but does no damage. x2
The five-headed hydra bites you!
* * * LOW HITPOINT WARNING * * *
The five-headed hydra bites you.
* * * LOW HITPOINT WARNING * * *
The five-headed hydra bites you.
You die...
Your body crumbles into a pile of gold.

########### #########
#.........# #.......#
###.........# #.......#
#...........# #.......#
#...........# #.......#
#...........# #.......#
########...........# #.......#
#..................#####.......#
#####...>.....D@..........<.....
#......">.o.................
#.....####..................
#.....#..#........##########
#.....#..###......# #
###.....#....#......# #
#...)...#....#......# #
###.....#....##.....# #
#..)..#.....#.....### #


You could see a five-headed hydra and an orc warrior.

Vanquished Creatures
  Erica (D:10)
  A centaur warrior (D:11)
  3 two-headed ogres
  A merfolk (D:9)
  A troll (D:10)
  A hippogriff (D:10)
  Grinder (D:6)
  2 hornets
  15 yaks
  A wyvern (D:8)
  A steam dragon (D:10)
  A vampire mosquito (D:11)
  A water moccasin (D:7)
  3 sky beasts
  An orc warrior (D:7)
  3 phantoms
  An ice beast (D:9)
  A hornet zombie (D:10)
  A black bear (D:10)
  An eye of draining (D:11)
  2 ogres
  A necrophage (D:5)
  2 big kobolds
  2 bullfrogs (D:10)
  A wyvern skeleton (D:10)
  3 scorpions
  A water moccasin skeleton (D:7)
  6 wights (D:6)
  2 howler monkeys
  4 crimson imps
  A quasit (D:10)
  5 hounds
  4 centaur skeletons
  4 jellies
  6 orc wizards
  2 bullfrog skeletons
  5 iguanas
  6 worker ants
  A hound zombie (D:6)
  10 adders
  2 shadow imps
  An ooze (D:1)
  An adder skeleton (D:10)
  2 worms
  2 dart slugs
  5 leopard geckos
  17 orcs
  A ball python (D:4)
  9 bats
  4 giant cockroaches
  8 goblins
  13 hobgoblins
  23 jackals
  18 kobolds
  2 quokkas
  A frilled lizard (D:4)
  A leopard gecko skeleton (D:6)
  6 rats
225 creatures vanquished.

Notes
Turn   | Place    | Note
-------+----------+-------------------------------------------
     0 | D:1      | terra52 the Gargoyle Earth Elementalist began the quest for the Orb.
     0 | D:1      | Reached XP level 1. HP: 10/10 MP: 3/3
    75 | D:1      | Reached XP level 2. HP: 15/15 MP: 1/5
   109 | D:1      | Reached skill level 4 in Earth Magic
   392 | D:1      | Reached XP level 3. HP: 19/19 MP: 3/6
  1196 | D:2      | Found a sparkling altar of Nemelex Xobeh.
  1427 | D:2      | Reached XP level 4. HP: 24/24 MP: 5/8
  1539 | D:2      | Found a sacrificial altar of Ru.
  1782 | D:2      | Reached skill level 5 in Earth Magic
  1784 | D:2      | Found an iron altar of Okawaru.
  2190 | D:3      | Reached XP level 5. HP: 28/28 MP: 7/10
  2289 | D:3      | Learned a level 3 spell: Stone Arrow
  2772 | D:4      | Found a white marble altar of Elyvilon.
  2900 | D:4      | Reached skill level 6 in Earth Magic
  2902 | D:4      | Noticed a phantom
  2903 | D:4      | Reached XP level 6. HP: 30/32 MP: 7/11
  2912 | D:4      | Killed a phantom
  3048 | D:4      | Reached skill level 7 in Earth Magic
  3409 | D:5      | Entered Level 5 of the Dungeon
  3418 | D:5      | Reached XP level 7. HP: 32/36 MP: 11/13
  3457 | D:5      | Found a bloodstained altar of Trog.
  3472 | D:5      | Found an ancient bone altar of Kikubaaqudgha.
  3729 | D:5      | Reached skill level 8 in Earth Magic
  3992 | D:6      | Reached skill level 5 in Spellcasting
  4061 | D:6      | Reached XP level 8. HP: 40/41 MP: 8/16
  4208 | D:6      | Reached skill level 9 in Earth Magic
  4286 | D:6      | Found Diyjaq's Antique Weapon Shoppe.
  4637 | D:6      | Noticed Grinder
  4642 | D:6      | Killed Grinder
  4642 | D:6      | Reached skill level 10 in Earth Magic
  5346 | D:7      | Found a staircase to the Ecumenical Temple.
  5354 | Temple   | Entered the Ecumenical Temple
  5393 | Temple   | Became a worshipper of Gozag Ym Sagoz the Greedy
  5607 | D:7      | Found Jariluov's Assorted Antiques.
  5705 | D:7      | Reached XP level 9. HP: 41/45 MP: 14/18
  5908 | D:7      | Reached skill level 11 in Earth Magic
  6446 | D:8      | Noticed a hornet
  6450 | D:8      | Killed a hornet
  6467 | D:8      | Reached skill level 12 in Earth Magic
  6761 | D:8      | Noticed a two-headed ogre
  6767 | D:8      | Killed a two-headed ogre
  6767 | D:8      | Reached skill level 1 in Shields
  6779 | D:8      | Found a shimmering altar of Xom.
  6789 | D:8      | Reached XP level 10. HP: 50/50 MP: 17/21
  7023 | D:7      | Reached skill level 13 in Earth Magic
  7099 | D:7      | Bought a faintly glowing quarterstaff for 216 gold pieces
  7099 | D:7      | Bought a papyrus book for 360 gold pieces
  7107 | D:7      | Learned a level 5 spell: Lee's Rapid Deconstruction
  7108 | D:7      | Identified the +5 quarterstaff of Rodaakko {protect, +Blink Int+2} (You bought it in a shop on level 7 of the Dungeon)
  7572 | D:9      | Found a sacrificial altar of Ru.
  7690 | D:9      | Noticed Joseph
  7713 | D:9      | Noticed Joseph
  7713 | D:9      | Joseph changed into Joseph the hornet
  7716 | D:9      | Killed Joseph the hornet
  7797 | D:9      | Noticed a two-headed ogre
  7802 | D:9      | Killed a two-headed ogre
  7802 | D:9      | Reached skill level 1 in Crossbows
  7802 | D:9      | Reached skill level 14 in Earth Magic
  7940 | D:9      | Found a stormy altar of Qazlal.
  8253 | D:9      | Found Ucinam's General Store.
  8406 | D:10     | Entered Level 10 of the Dungeon
  8556 | D:10     | Found a blossoming altar of Fedhas.
  8780 | D:10     | Noticed a two-headed ogre
  8786 | D:10     | Killed a two-headed ogre
  8786 | D:10     | Reached XP level 11. HP: 44/54 MP: 20/24
  8831 | D:10     | Reached skill level 15 in Earth Magic
  8838 | D:10     | Got a faintly glowing great mace
  8879 | D:10     | Identified the +4 great mace of Outrage {drain, *Noise rC+++ rN+ Dex+2} (You found it on level 10 of the Dungeon)
  9331 | D:10     | Reached skill level 10 in Spellcasting
  9503 | D:10     | Noticed Erica
  9512 | D:10     | Killed Erica
  9638 | D:11     | Noticed a five-headed hydra
  9638 | D:11     | Noticed a centaur warrior
  9746 | D:11     | Killed a centaur warrior
  9758 | D:10     | HP: 2/54 [five-headed hydra (2)]
  9758 | D:10     | Slain by a five-headed hydra

Vault maps used:
D:1:      dpeg_arrival_chase
D:2:      nemelex_xobeh_ov_fountains_minmay, okawaru_altar_gauntlet_db,
          lemuel_coloured_pillars_altar, minmay_misc_feat_alley
D:4:      first_bread, serial_bayou_lagoon_a, serial_bayou_ford_a,
          elyvilon_altar_4
D:5:      old_standard_altar, nicolae_overflow_crystal_walls, corner_web_ring
D:6:      serial_shops, shop, hangedman_decor_lopped, uniq_grinder
D:7:      serial_shops, shop_coins
D:8:      old_standard_altar
D:9:      lemuel_doored_altar, serial_shops, nicolae_shop_trees,
          hangedman_fish_farm, nicolae_ru_sacrificial_ziggurat, uniq_joseph
D:10:     hangedman_glass_teeth, fedhas_altar_fruit_tree, uniq_erica
D:11:     minmay_ambush_box, david_lair_generic, serial_shops,
          nicolae_shop_behind_doors, uniq_sonja
Temple:   minmay_temple_curvy_branch

Skill      XL: |  1  2  3  4  5  6  7  8  9 10 11 |
---------------+----------------------------------+-----
Earth Magic    | 4 5 6 7 8 10 12 14 15 | 15.9
Spellcasting   | 3 4 5 6 7 9 10 | 10.3
Shields        | 1 2 |  2.5
Crossbows      | 1 |  1.8
Dodging        | |  1.7
Stealth        | |  2.2
Transmutations | |  0.7

Action                   |  1- 3 |  4- 6 |  7- 9 | 10-12 || total
-------------------------+-------+-------+-------+-------++-------
Melee: Unarmed           |    51 |       |       |       ||    51
       Short sword       |    33 |    54 |   103 |    43 ||   233
       Quarterstaff      |       |       |       |    93 ||    93
 Fire: Arbalest          |       |       |       |     9 ||     9
       Triple crossbow   |       |       |       |     4 ||     4
Throw: Stone             |     2 |       |       |       ||     2
 Cast: Sandblast         |    34 |    66 |   115 |   118 ||   333
       Lee's Rapid Decon |       |       |       |     6 ||     6
Evoke: Wand              |       |       |       |     2 ||     2
  Use: Scroll            |       |       |       |     9 ||     9
       Potion            |       |       |       |     1 ||     1
 Stab: Sleeping          |     1 |     5 |       |       ||     6
  Eat: Chunk             |     2 |     6 |     7 |     1 ||    16
       Fruit             |       |       |     1 |     5 ||     6
       Pizza             |       |       |     1 |     2 ||     3
       Beef jerky        |       |       |       |     1 ||     1
Armor: Robe              |    27 |    17 |       |       ||    44
       Leather armour    |       |    14 |    55 |   133 ||   202
Dodge: Dodged            |    68 |    44 |    58 |   133 ||   303
Block: Other             |       |     7 |       |    29 ||    36
       Buckler           |       |       |    27 |       ||    27
